 Dungeon Crawl Stone Soup version 0.25.0-9-g26727b657a (webtiles) character file.

Game seed: 8485773618623317208

2543 Esekla the Slicer (level 9, -6/54 HPs)
             Began as a Kobold Abyssal Knight on June 19, 2020.
             Was an Elder of Lugonu.
             Killed by divine providence
             ... invoked by an orc priest
              (14 damage)
             ... on level 6 of the Dungeon.
             The game lasted 00:35:59 (6656 turns).

Esekla the Slicer (Kobold Abyssal Knight)           Turns: 6656, Time: 00:35:59

Health: -6/54      AC:  7    Str:  9    XL:     9   Next: 85%
Magic:  12/12      EV: 36    Int: 15    God:    Lugonu [****..]
Gold:   421        SH:  0    Dex: 20    Spells: 8/8 levels left

rFire    . . .     SeeInvis +   f - +7 dagger "Tiptuoj" {vamp, Dex+4 SInv}
rCold    . . .     Gourm    .   (shield restricted)
rNeg     . . .     Faith    .   L - +2 robe {MR+}
rPois    .         Spirit   .   (no helmet)
rElec    .         Reflect  .   v - +2 cloak {Stlth+}
rCorr    +         Harm     .   (no gloves)
MR       +....                  (no boots)
Stlth    +++.......             k - amulet of the acrobat
HPRegen  0.18/turn              A - ring of see invisible
MPRegen  0.13/turn              F - ring of resist corrosion

@: acrobat
A: small, carnivore
a: Depart the Abyss, Bend Space, Banish, Corrupt, Renounce Religion


You were on level 6 of the Dungeon.
You worshipped Lugonu.
Lugonu was greatly pleased with you.
You were full.

You visited 2 branches of the dungeon, and saw 9 of its levels.
You visited the Abyss 1 time.

You collected 421 gold pieces.

Inventory:

Hand Weapons
 a - a +1 short sword
 f - the +7 dagger "Tiptuoj" (weapon) {vamp, Dex+4 SInv}
   (You found it on level 2 of the Abyss)

   It inflicts no extra harm, but heals its wielder when it wounds a living foe.
   It affects your dexterity (+4).
   It lets you see invisible.
 g - the +6 falchion of Ashenzari's Delight {antimagic, MP+9 SInv}
   (You found it on level 3 of the Abyss)

   It reduces the magical energy of the wielder, and disrupts the spells and
   magical abilities of those hit.
   Natural abilities and divine invocations are not affected.
   It affects your magic capacity (+9).
   It lets you see invisible.
 w - a cursed -3 short sword
Missiles
 E - 10 boomerangs (quivered)
 J - 22 poisoned darts
 K - 4 curare-tipped darts
Armour
 v - a +2 cloak of stealth (worn)
 L - a +2 robe of magic resistance (worn)
Jewellery
 k - an amulet of the acrobat (around neck)
 A - a ring of see invisible (left hand)
 B - an uncursed amulet of faith {unknown}
 F - a ring of resist corrosion (right hand)
Wands
 r - a wand of disintegration (13)
Scrolls
 d - 2 scrolls of random uselessness {unknown}
 h - 7 scrolls of identify {unknown}
 j - 2 scrolls of fear {unknown}
 m - a scroll of immolation {unknown}
 n - 3 scrolls of remove curse {unknown}
 o - 4 scrolls of teleportation {unknown}
 u - 2 scrolls of fog {unknown}
 y - 2 scrolls of amnesia {unknown}
 z - a scroll of noise {unknown}
 G - a scroll of enchant weapon {unknown}
 I - a scroll of brand weapon {unknown}
Potions
 e - a potion of lignification {unknown}
 i - a potion of flight {unknown}
 l - 3 potions of curing {unknown}
 p - 2 potions of haste
 q - a potion of cancellation {unknown}
 s - 3 potions of stabbing {unknown}
 t - 3 potions of degeneration {unknown}
 x - a potion of heal wounds {unknown}
 D - a potion of brilliance {unknown}
 H - a potion of invisibility {unknown}
Comestibles
 c - 15 rations


   Skills:
 + Level 5.5 Fighting
 * Level 10.2 Short Blades
 + Level 0.2 Throwing
 - Level 0.7 Armour
 * Level 7.5 Dodging
 + Level 5.3 Stealth
 * Level 4.8 Invocations
 * Level 4.6 Evocations


You had 8 spell levels left.
You didn't know any spells.
Your spell library contained the following spells:

 Spells                   Type           Power        Failure   Level  Hunger
 Magic Dart               Conj           #...         26%         1    ##.....
 Blink                    Tloc           N/A          38%         2    ###....
 Call Imp                 Summ           #.......     38%         2    ###....
 Slow                     Hex            #.......     38%         2    ###....
 Conjure Flame            Conj/Fire      #.......     63%         3    ####...
 Mephitic Cloud           Conj/Pois/Air  #.......     63%         3    ####...


Dungeon Overview and Level Annotations

Branches:
Dungeon (8/15)             Temple (1/1) D:5
   Lair: D:8-11

Altars:
Ashenzari
Cheibriados
Dithmenos
Elyvilon
Fedhas
Hepliaklqana
Kikubaaqudgha
Makhleb
Nemelex Xobeh
Okawaru
Qazlal
Ru
Sif Muna
Trog
Uskayaw
Vehumet
Wu Jian
Xom
Yredelemnul
Zin
The Shining One

Annotations:
D:7 2 transporters


Innate Abilities, Weirdness & Mutations

You are small and have problems with some larger weapons.
You are carnivorous and can eat meat at any time.


Message History

The orc priest misses you. The orc completely misses you.
Things that are here:
a +0 dagger; a +0 robe; an orc corpse You closely miss the orc priest.
The orc priest hits you but does no damage.
The gnoll hits you with a +0 club.
The gnoll hits you from afar with a cursed -1 halberd!
The orc closely misses you.
You hit the orc priest.
You feel better.
The orc priest is moderately wounded.
The orc closely misses you. Space bends around you!
You blink.
The orc priest invokes the aid of Beogh against you.
Beogh smites you!
The orc priest mumbles some strange prayers to Beogh against you.
Beogh smites you!
* * * LOW HITPOINT WARNING * * *
The orc priest invokes the aid of Beogh against you.
Beogh smites you!
You die...

###....Y....#.......##......#.#.
#......>..........##............
##.................#.............
#.............#.............)....
#.............##.......o...##[.#.
##.#.........#####..........#..#.
###.........####...g..g......##.
##........#.....g...o......###
....##......@.o.o.........# #
##..........#...#........##
..........#...#.......##
.../....#.#..###....###
..........#### #....# .... .%
#....# #.. ##. ##...# #.. .. ....


You could see an orc priest, 3 gnolls and 3 orcs.

Vanquished Creatures
  Grinder (D:6)
  A spriggan (D:7)
  An ice beast (D:5)
  A phantom (D:4)
  An ogre (D:5)
  2 centaurs
  5 bullfrogs
  10 killer bees
  2 crimson imps (D:6)
  A centaur zombie (D:6)
  A jelly (D:7)
  5 hounds
  Crazy Yiuf (D:2)
  An orc priest (D:5)
  10 orc wizards
  4 worker ants
  A howler monkey zombie (D:6)
  9 gnolls
  6 adders
  5 shadow imps
  An ooze (D:4)
  2 adder zombies
  An adder skeleton (D:5)
  3 worms
  3 dart slugs (D:1)
  A leopard gecko (D:5)
  27 orcs
  5 bats
  3 giant cockroaches
  7 goblins
  4 hobgoblins
  7 jackals
  6 kobolds
  2 quokkas (D:7)
  A ball python skeleton (D:5)
  4 frilled lizards
  A leopard gecko skeleton (D:5)
  A leopard gecko zombie (D:6)
  3 rats
150 creatures vanquished.

Vanquished Creatures (others)
  22 fungi (D:8)
  8 plants (D:8)
30 creatures vanquished.

Grand Total: 180 creatures vanquished

Notes
Turn   | Place    | Note
-------+----------+-------------------------------------------
     0 | Abyss:1  | Esekla the Kobold Abyssal Knight began the quest for the
                  | Orb.
     0 | Abyss:1  | Reached XP level 1. HP: 14/14 MP: 2/2
    74 | Abyss:1  | Noticed an iron imp
    78 | Abyss:1  | Noticed a chaos spawn
    87 | Abyss:2  | Got a bloodstained dagger
    88 | Abyss:2  | Identified the +7 dagger "Tiptuoj" {vamp, Dex+4 SInv} (You
                  | found it on level 2 of the Abyss)
    93 | Abyss:2  | Noticed a neqoxec
   102 | Abyss:3  | Got a bloodstained falchion
   135 | Abyss:3  | Noticed a smoke demon
   136 | D:1      | Escaped the Abyss
   137 | D:1      | Identified the +6 falchion of Ashenzari's Delight
                  | {antimagic, MP+9 SInv} (You found it on level 3 of the
                  | Abyss)
   378 | D:1      | Reached XP level 2. HP: 18/19 MP: 3/3
   385 | D:1      | Reached * piety under Lugonu
  1022 | D:2      | Reached XP level 3. HP: 24/24 MP: 4/4
  1170 | D:2      | Reached skill level 3 in Short Blades
  1522 | D:2      | Found a runed translucent door.
  1523 | D:2      | Noticed Crazy Yiuf
  1546 | D:2      | Killed Crazy Yiuf
  1546 | D:2      | Reached XP level 4. HP: 14/29 MP: 5/5
  2067 | D:3      | Reached skill level 1 in Stealth
  2124 | D:3      | Reached XP level 5. HP: 32/33 MP: 6/6
  2574 | D:3      | Reached ** piety under Lugonu
  2716 | D:4      | Noticed a phantom
  2941 | D:4      | Reached skill level 4 in Short Blades
  2941 | D:4      | Reached skill level 1 in Evocations
  2998 | D:4      | Killed a phantom
  2998 | D:4      | Reached XP level 6. HP: 27/39 MP: 6/8
  3230 | D:4      | Reached skill level 5 in Short Blades
  3514 | D:5      | Entered Level 5 of the Dungeon
  3668 | D:5      | Noticed an ogre
  3681 | D:5      | Killed an ogre
  3681 | D:5      | Reached skill level 6 in Short Blades
  3681 | D:5      | Reached XP level 7. HP: 44/44 MP: 9/9
  3849 | D:5      | Found a sacrificial altar of Ru.
  4142 | D:5      | Reached *** piety under Lugonu
  4190 | D:5      | Reached skill level 7 in Short Blades
  4191 | D:5      | Reached XP level 8. HP: 48/48 MP: 10/10
  4274 | D:5      | Reached skill level 5 in Dodging
  4357 | D:5      | Found a staircase to the Ecumenical Temple.
  4363 | Temple   | Entered the Ecumenical Temple
  5000 | D:6      | Noticed Grinder
  5228 | D:5      | You fall into a shaft and drop 1 floor!
  5247 | D:7      | Reached skill level 5 in Fighting
  5247 | D:7      | Reached skill level 8 in Short Blades
  5265 | D:7      | Found a shadowy altar of Dithmenos.
  5310 | D:7      | Noticed a spriggan baker
  5325 | D:7      | Killed a spriggan baker
  5368 | D:7      | Found a transporter.
  5368 | D:7      | Noticed a kobold demonologist
  5370 | D:7      | Noticed a kobold demonologist
  5382 | D:7      | Found a transporter.
  5575 | D:7      | Reached XP level 9. HP: 54/54 MP: 12/12
  5729 | D:7      | Reached skill level 9 in Short Blades
  5883 | D:8      | Reached **** piety under Lugonu
  6417 | D:6      | Reached skill level 5 in Stealth
  6547 | D:6      | Reached skill level 10 in Short Blades
  6595 | D:6      | Killed Grinder
  6656 | D:6      | Killed from afar by an orc priest

Illustrated notes

Levels and vault maps discovered:
D:1:      matt_arrival_refuge, layout_basic
D:2:      layout_basic, uniq_crazy_yiuf_cottage
D:3:      layout_basic
D:4:      layout_basic, first_ration, serial_bayou_pond_d
D:5:      layout_basic, minmay_temple_entry_glassed_door,
          nicolae_ru_sacrificial_ziggurat
D:6:      layout_cave_pools, uniq_grinder
D:7:      gammafunk_wand_slinger, layout_basic, the_bakery,
          grunt_dithmenos_smoke_and_mirrors
D:8:      layout_basic, due_lair_maze_entry_diamond
Temple:   regret_index_temple_sigil_plot

Skill      XL: |  1  2  3  4  5  6  7  8  9 |
---------------+----------------------------+-----
Fighting       | 4 5 |  5.5
Short Blades   | 3 4 6 7 8 10 | 10.2
Dodging        | 3 4 6 7 |  7.5
Stealth        | 1 2 4 5 |  5.3
Evocations     | 1 2 3 4 |  4.6
Invocations    | 3 4 |  4.8
Throwing       | |  0.2
Armour         | |  0.7

Action                   |  1- 3 |  4- 6 |  7- 9 || total
-------------------------+-------+-------+-------++-------
Melee: Dagger            |    70 |   197 |   383 ||   650
Throw: Boomerang         |       |       |     1 ||     1
Invok: Depart the Abyss  |     1 |       |       ||     1
       Bend Space        |       |       |     1 ||     1
 Stab: Sleeping          |     2 |     1 |     8 ||    11
       Distracted        |       |     1 |       ||     1
  Eat: Chunk             |    10 |     4 |    10 ||    24
Armor: Leather armour    |     7 |    25 |    47 ||    79
       Robe              |       |       |     1 ||     1
Dodge: Dodged            |    45 |   111 |   255 ||   411
